 Dungeon Crawl Stone Soup version 0.23-a0-586-gacb4b3f (console) character file.

81 Duffy the Firebug (level 4, -1/24 HPs)
             Began as a Deep Elf Fire Elementalist on Dec 19, 2018.
             Slain by a bullfrog (7 damage)
             ... on level 2 of the Dungeon.
             The game lasted 00:01:57 (2278 turns).

Duffy the Firebug (Deep Elf Fire Elementalist)      Turns: 2278, Time: 00:01:58

Health: -1/24      AC:  3    Str:  5    XL:     4   Next: 20%
Magic:  0/11       EV: 13    Int: 21    God:
Gold:   154        SH:  0    Dex: 15    Spells: 2/10 levels left

rFire    . . .     SeeInvis .   c - 5 rations
rCold    . . .     Gourm    .   (no shield)
rNeg     . . .     Faith    .   a - +0 robe
rPois    .         Spirit   .   k - +0 helmet (curse)
rElec    .         Reflect  .   (no cloak)
rCorr    .         Harm     .   (no gloves)
MR       .....                  (no boots)
Stlth    ++........             (no amulet)
HPRegen  0.08/turn              n - ring of wizardry
MPRegen  0.12/turn              (no ring)

@: very slightly contaminated
A: no striking features
a: no special abilities


You were on level 2 of the Dungeon.
You were not hungry.

You visited 1 branch of the dungeon, and saw 2 of its levels.

You collected 154 gold pieces.

Inventory:

Armour
 a - a +0 robe (worn)
 k - a cursed +0 helmet (worn)
Jewellery
 n - a ring of wizardry (left hand)
Scrolls
 d - 4 scrolls of identify {unknown}
 e - a scroll of noise {unknown}
 f - 2 scrolls of teleportation {unknown}
 i - a scroll of immolation {unknown}
 j - a scroll of blinking {unknown}
Potions
 b - a potion of heal wounds {unknown}
 g - a potion of mutation {unknown}
 h - 2 potions of agility {unknown}
 m - a potion of berserk rage {unknown}
Comestibles
 c - 5 rations (in hand)
 l - 2 chunks of flesh


   Skills:
 - Level 2.4 Dodging
 - Level 2.4 Stealth
 + Level 3.6 Spellcasting
 + Level 3.7 Conjurations
 + Level 3.7 Fire Magic


You had 2 spell levels left.
You knew the following spells:

 Your Spells              Type           Power        Failure   Level  Hunger
h - Flame Tongue          Conj/Fire      ###..        1%          1    None
j - Sticky Flame          Conj/Fire      ###.....     11%         4    ####...
l - Conjure Flame         Conj/Fire      ###.....     3%          3    ###....

Your spell library contained the following spells:

 Spells                   Type           Power        Failure   Level  Hunger
 Throw Flame              Conj/Fire      ###...       1%          2    ##.....
 Inner Flame              Hex/Fire       ##......     7%          3    ###....
 Fireball                 Conj/Fire      ###.......   28%         5    ######.


Dungeon Overview and Level Annotations

Branches:
Dungeon (2/15)

Altars:


Message History

Aiming: Flame Tongue (safe; 1% risk of failure)
Press: ? - help, Shift-Dir - straight line, f/p - bat
Aim: a bat The flame tongue hits the bat.
You kill the bat!
The bullfrog hits you. The bullfrog hits you.
Casting: Flame Tongue (safe; 1% risk of failure)
Confirm with . or Enter, or press ? or * to list all spells.
Aiming: Sticky Flame (safe; 11% risk of failure)
Press: ? - help, Shift-Dir - straight line, f - bullfrog
Aim: a bullfrog (severely wounded)
You miscast Sticky Flame.
You are very lightly contaminated with residual magic.
Heat runs through your body.
The bullfrog hits you but does no damage.
The bullfrog hits you. The bullfrog hits you. The bullfrog hits you!
You die...

#...b.......#.###.#.#
#%####..###.#.# #.#.#
#.####..###.#.# #....
#..)##........# #####
#.#.##.##.....# #
#.#.##.##.....# #
#.lh...##.....# #
###F#####.....# ####
#@# ######## #...
##.## #......# #.##
##.#.###.####.# #.#
#.###.##.####.####.#
##.#.##............#
#..###..#.#..######
#.####.......#
#.........#.##
######.#..#.#


You could see a bullfrog, a jackal and a frilled lizard.

Vanquished Creatures
  2 adders (D:2)
  An ooze (D:2)
  3 worms (D:2)
  A dart slug (D:1)
  2 leopard geckos (D:2)
  4 giant cockroaches
  5 goblins
  6 hobgoblins
  3 kobolds
  2 quokkas (D:2)
  7 bats
  4 frilled lizards
  6 rats
46 creatures vanquished.

Notes
Turn   | Place    | Note
-------+----------+-------------------------------------------
     0 | D:1      | Duffy the Deep Elf Fire Elementalist began the quest for
                  | the Orb.
     0 | D:1      | Reached XP level 1. HP: 10/10 MP: 6/6
   365 | D:1      | Reached XP level 2. HP: 15/15 MP: 6/8
  1222 | D:2      | Reached XP level 3. HP: 19/19 MP: 3/9
  1228 | D:2      | Learned a level 3 spell: Conjure Flame
  1943 | D:2      | Reached XP level 4. HP: 24/24 MP: 8/11
  1949 | D:2      | Learned a level 4 spell: Sticky Flame
  2256 | D:2      | Noticed a bullfrog
  2278 | D:2      | Slain by a bullfrog

Vault maps used:
D:1:      psy_arrival_radial02
D:2:      first_ration, minmay_divided_ellipse

Skill      XL: |  1  2 |
---------------+-------+-----
Conjurations   | 2 3 |  3.7
Dodging        | |  2.4
Stealth        | |  2.4
Spellcasting   | |  3.6
Fire Magic     | |  3.7

Action                   |  1- 3 |  4- 6 || total
-------------------------+-------+-------++-------
 Cast: Flame Tongue      |    73 |    24 ||    97
  Eat: Chunk             |     3 |     1 ||     4
Armor: Robe              |     5 |     5 ||    10
Dodge: Dodged            |    18 |     7 ||    25

Table legend:
 A = Non-vault XP
 B = Vault XP
 C = Vault XP percentage of total XP
 D = Non-vault monster count
 E = Vault monster count
 F = Vault count percentage of total count
                 A         B        C        D         E       F
            +---------+---------+-------+---------+---------+-------
      Total |     101 |      16 |  13.7 |      41 |       5 |  10.9
            +---------+---------+-------+---------+---------+-------
        D:1 |      36 |       0 |   0.0 |      22 |       0 |   0.0
        D:2 |      65 |      16 |  19.8 |      19 |       5 |  20.8
            +---------+---------+-------+---------+---------+-------
